 Dungeon Crawl Stone Soup version 0.28-a0-2-g643f2454ad (webtiles) character file.

Game seed: 11108460371059401024

5 karkarkar the Covered (level 1, 20/20 HPs)
             Began as a Minotaur Fighter on July 22, 2021.
             Quit the game on level 1 of the Dungeon.
             The game lasted 00:00:26 (56 turns).

karkarkar the Covered (Minotaur Fighter)              Turns: 56, Time: 00:00:26

Health: 20/20      AC:  7    Str: 20    XL:     1   Next: 66%
Magic:  0/0        EV:  7    Int:  5    God:
Gold:   0          SH:  9    Dex:  9    Spells: 0/0 levels left

rFire   . . .      SeeInvis .   a - +0 war axe
rCold   . . .      Faith    .   c - +0 kite shield
rNeg    . . .      Spirit   .   b - +0 scale mail
rPois   .          Reflect  .   (helmet restricted)
rElec   .          Harm     .   (no cloak)
rCorr   .          Rampage  .   (no gloves)
Will    .....                   (no boots)
Stlth   ..........              (no amulet)
HPRegen 0.06/turn               (no ring)
MPRegen 0.07/turn               (no ring)

@: no status effects
A: horns 2, retaliatory headbutt
a: no special abilities


You were on level 1 of the Dungeon.
You visited 1 branch of the dungeon, and saw 1 of its levels.

Inventory:

Hand Weapons
 a - a +0 war axe (weapon)
Armour
 b - a +0 scale mail (worn)
 c - a +0 kite shield (worn)
Potions
 d - a potion of might


   Skills:
 + Level 3.7 Fighting
 * Level 2.5 Axes
 + Level 3.8 Armour
 + Level 3.7 Shields


You couldn't memorise any spells.
You didn't know any spells.
Your spell library was empty.

Dungeon Overview and Level Annotations

Branches:
Dungeon (1/15)

Altars:


Innate Abilities, Weirdness & Mutations

You have a pair of horns on your head.
You reflexively headbutt those who attack you in melee.


Message History

You slash the ball python!
You kill the ball python!
No target in view!
No target in view!
HP restored.
A rat comes into view.
You block the rat's attack.
You closely miss the rat. You block the rat's attack.
You slash the rat!
You kill the rat!
No target in view!
No target in view!
A kobold comes into view. It is wielding a +0 short sword.
The kobold moves out of view.
No target in view!
No target in view!
A kobold is nearby!
You slash the kobold!
You kill the kobold!
No target in view!
No target in view!
You see here a +0 short sword.
A dart slug comes into view.
The dart slug launches a dart at you.
The slug dart hits you but does no damage.
Found 10 gold pieces.
The dart slug launches a dart at you.
The slug dart hits you but does no damage.
The dart slug completely misses you. You furiously retaliate!
You headbutt the dart slug!
You kill the dart slug!
No target in view!
Unknown command.
Saving game... please wait.
Welcome back, karkarkar the Minotaur Fighter.
Press ? for a list of commands and other information.
Saving game... please wait.
Welcome back, karkarkar the Minotaur Fighter.
Press ? for a list of commands and other information.
Are you sure you want to abandon this character and quit the game? (Confirm with "yes".)

. #. #....... ....
...... #.##....... .....
.#.. .#.#..#.....
....##..# ...........
..#.#..# #..#......
#.#...# ##.#####..
#.$..# #..)#####.
#.#.†..## #.#..##...
.#...@..# #.##......
#.......#####.###...#.
...........##.......####
........................
.##................#####
#.#.......#######.... .
#.#.#......# ##### #
.#.##.....## #.#....#


There were no monsters in sight!

Vanquished Creatures
  A dart slug (D:1)
  A kobold (D:1)
  A ball python (D:1)
  A rat (D:1)
4 creatures vanquished.

Notes
Turn   | Place    | Note
-------+----------+-------------------------------------------
     0 | D:1      | karkarkar the Minotaur Fighter began the quest for the Orb.
     0 | D:1      | Reached XP level 1. HP: 19/19 MP: 0/0
    56 | D:1      | Quit the game

Illustrated notes

Levels and vault maps discovered:
D:1:      scummos_arrival_simple_crosswalls, layout_rooms,
          basic_ecumenical_altar, minmay_misc_feat_secret_circle, minivault_5

Action                   || total
-------------------------++-------
Melee: War axe           ||     5
Armor: Scale mail        ||     3
Dodge: Dodged            ||     1
Block: Kite shield       ||     4

Table legend: (Time is in decaauts)
 A = Elapsed time spent in this place.
 B = Non-inter-level travel time spent in this place.
 C = Inter-level travel time spent in this place.
 D = Time resting spent in this place.
 E = Time spent auto-exploring this place.
 F = Levels seen in this place.
 G = Mean time per level.
                   A        B        C        D        E       F      G
               +--------+--------+--------+--------+--------+-----+--------+
         Total |     58 |     58 |      0 |      0 |     35 |   1 |   58.0 |
       Dungeon |     58 |     58 |      0 |      0 |     35 |   1 |   58.0 |
               +--------+--------+--------+--------+--------+-----+--------+

Top non-repeatable levels by time:
     D:1: 58 daAuts
